 Dungeon Crawl Stone Soup version 0.31-a0-237-g2d982f9f85 (webtiles) character file.

Game seed: 15627829713489642420

30 qw the Shooter (level 3, -1/29 HPs)
             Began as a Minotaur Hexslinger on July 11, 2023.
             Slain by Natasha (3 damage)
             ... on level 2 of the Dungeon.
             The game lasted 00:00:19 (911 turns).

qw the Shooter (Minotaur Hexslinger)                 Turns: 911, Time: 00:00:20

Health: -1/29      AC:  3    Str: 12    XL:     3   Next: 5%
Magic:  3/3        EV: 12    Int: 10    God:
Gold:   61         SH:  0    Dex: 14    Spells: 3/4 levels left

rFire   . . .        Y - +1 sling
rCold   . . .        (no shield)
rNeg    . . .        h - +0 leather armour
rPois   .            (helmet restricted)
rElec   .            (no cloak)
rCorr   .            (no gloves)
SInv    .            (no boots)
Will    .....        (no amulet)
Stlth   +            (no ring)
HPRegen 0.24/turn    (no ring)
MPRegen 0.08/turn

%: no passive effects
@: slowed, very slow
A: horns 2, retaliatory headbutt
a: no special abilities


You were on level 2 of the Dungeon.
You visited 1 branch of the dungeon, and saw 2 of its levels.

You collected 61 gold pieces.


Innate Abilities, Weirdness & Mutations

You have a pair of horns on your head.
You reflexively headbutt those who attack you in melee.


   Skills:
 - Level 2.0 Fighting
 + Level 3.6 Ranged Weapons
 - Level 2.1 Dodging
 - Level 1.0 Spellcasting
 - Level 2.0 Hexes


You had 3 spell levels left.
You knew the following spells:

 Your Spells              Type           Power      Damage    Failure   Level
a - Slow                  Hex            16%        N/A       19%         1

Your spell library contained the following spells:

 Spells                   Type           Power      Damage    Failure   Level
 Inner Flame              Hex/Fire       2%         N/A       65%         3
 Portal Projectile        Hex/Tloc       4%         N/A       65%         3
 Cause Fear               Hex            2%         N/A       88%         4

Inventory:

Hand Weapons
 Y - a +1 sling (weapon)
Armour
 h - a +0 leather armour (worn)
Potions
 d - a potion of berserk rage {unknown}
 e - a potion of degeneration {unknown}

Dungeon Overview and Level Annotations

Branches:
Dungeon (2/15)

Altars:

Annotations:
D:2 Natasha


Message History

Found 10 gold pieces and a scroll labelled NUAZET BEPSIUN.
There is a stone staircase leading up here.
Waypoint 1 assigned to D:2.
Natasha, Servant of Life and Death comes into view.
Natasha hisses angrily.
You shoot a sling bullet.
The sling bullet closely misses Natasha.
You shoot a sling bullet. The sling bullet barely misses Natasha.
You feel your willpower return.
You shoot a sling bullet.
The sling bullet closely misses Natasha.
Natasha casts a spell at you. The magic dart hits you!
You shoot a sling bullet. The sling bullet barely misses Natasha.
You shoot a sling bullet.
The sling bullet hits Natasha but does no damage.
Natasha casts a spell at you.
You feel yourself slow down.
You shoot a sling bullet. The sling bullet hits Natasha.
Natasha is heavily wounded.
Natasha casts a spell.
Natasha claws you.
You shoot a sling bullet.
The sling bullet hits Natasha but does no damage.
Natasha is heavily wounded.
Natasha claws you.
The cerulean imp hits you but does no damage.
Natasha growls.
Natasha claws you.
The cerulean imp hits you with a +1 spear.
You shoot a sling bullet. The sling bullet hits Natasha.
Natasha is severely wounded.
Natasha mumbles some strange words.
You feel disoriented. Natasha claws you. The cerulean imp barely misses you.
Natasha casts a spell at you. You resist with significant effort.
You shoot a sling bullet. The sling bullet barely misses Natasha.
The cerulean imp misses you. Natasha claws you.
You die...

## ...# ####
..... ..#
#...$##.####
#.h@5...#
#.....#.#
#....#...<.#
...####.###.#
## #.. .# ###
.. ... ....
....?


You could see Natasha and a cerulean imp (summoned).

Vanquished Creatures
  4 dart slugs (D:1)
  3 endoplasms (D:1)
  A giant cockroach (D:1)
  A goblin (D:1)
  3 hobgoblins (D:1)
  4 kobolds (D:1)
  2 ball pythons (D:1)
  A bat (D:1)
  A frilled lizard (D:1)
  2 rats (D:1)
22 creatures vanquished.

Notes
Turn   | Place    | Note
-------+----------+-------------------------------------------
     0 | D:1      | qw the Minotaur Hexslinger began the quest for the Orb.
     0 | D:1      | Reached XP level 1. HP: 16/16 MP: 1/1
     0 | D:1      | 0 ||| qw: Version: 0.3-a-52-g30416fa
     0 | D:1      | 0 ||| qw: Game counter: 5653
     0 | D:1      | 0 ||| qw: Melee chars always use a shield: true
     0 | D:1      | 0 ||| qw: God list: Okawaru
     0 | D:1      | 0 ||| qw: Allow faded altars: false
     0 | D:1      | 0 ||| qw: Do Orc after clearing Dungeon:15 true
     0 | D:1      | 0 ||| qw: Do second Lair branch before Depths: true
     0 | D:1      | 0 ||| qw: Lair rune preference: random
     0 | D:1      | 0 ||| qw: Goals: Normal
     0 | D:1      | 0 ||| PLANNING D:1-11
   107 | D:1      | Reached skill level 3 in Ranged Weapons
   107 | D:1      | Reached XP level 2. HP: 8/23 MP: 2/2
   449 | D:1      | Found a faded altar of an unknown god.
   629 | D:1      | Reached XP level 3. HP: 27/29 MP: 3/3
   857 | D:1      | 857 ||| UPGRADING to +0 leather armour.
   867 | D:1      | 867 ||| DROPPING +0 robe.
   868 | D:1      | 868 ||| READING scroll labelled FUEDDURAYV.
   869 | D:1      | 869 ||| READING scroll labelled ZEIVEM TAELOCA.
   870 | D:1      | 870 ||| DROPPING scroll of poison.
   902 | D:2      | Noticed Natasha
   909 | D:2      | HP: 7/29 [cerulean imp/+1 spear[Natasha] (5)]
   910 | D:2      | HP: 2/29 [Natasha (6)]
   911 | D:2      | Slain by Natasha

Levels and vault maps discovered:
D:1:      dpeg_arrival_rooms_c, layout_basic,
          dilly_ecumenical_altar_fadedgnrine, minmay_curled_crystal
D:2:      layout_basic, uniq_natasha

Skill      XL: |  1  2 |
---------------+-------+-----
Ranged Weapons | 3 |  3.6
Fighting       | 2 |  2.0
Dodging        | |  2.1
Spellcasting   | |  1.0
Hexes          | |  2.0

Action                     || total
---------------------------++-------
   Fire: Sling             ||    73
    Use: Scroll            ||     2
 Armour: Robe              ||     4
         Leather armour    ||     1
  Dodge: Dodged            ||    20

Table legend:
 A = Non-vault XP
 B = Vault XP
 C = Vault XP percentage of total XP
 D = Non-vault monster count
 E = Vault monster count
 F = Vault count percentage of total count
                 A         B        C        D         E       F
            +---------+---------+-------+---------+---------+-------
      Total |      44 |       0 |   0.0 |      22 |       0 |   0.0
            +---------+---------+-------+---------+---------+-------
        D:1 |      44 |       0 |   0.0 |      22 |       0 |   0.0
            +---------+---------+-------+---------+---------+-------
